 Dungeon Crawl Stone Soup version 0.19.0 (webtiles) character file.

365 Softman25 the Charlatan (level 6, -5/47 HPs)
             Began as a Minotaur Artificer on Nov 17, 2016.
             Killed by divine providence
             ... invoked by an orc priest
              (14 damage)
             ... on level 3 of the Dungeon.
             The game lasted 00:04:32 (2265 turns).

Softman25 the Charlatan (Minotaur Artificer)        Turns: 2265, Time: 00:04:33

Health: -5/47      AC:  7    Str: 17    XL:     6   Next: 40%
Magic:  8/8        EV: 12    Int:  8    God:
Gold:   65         SH:  4    Dex: 12    Spells: 0 memorised, 5 levels left

rFire  . . .     SeeInvis .     m - +0 flail
rCold  . . .     Gourm    .     i - +2 leather armour {MR+}
rNeg   . . .     Faith    .     (no shield)
rPois  .         Spirit   .     (helmet restricted)
rElec  .         Reflect  +     (no cloak)
rCorr  +         Harm     .     h - +1 pair of gloves
MR     +....                    (no boots)
Stlth  +.........               o - +4 amulet of reflection
                                (no ring)
                                k - ring of resist corrosion

@: no status effects
A: retaliatory headbutt, horns 2
a: no special abilities


You were on level 3 of the Dungeon.
You were hungry.

You visited 1 branch of the dungeon, and saw 3 of its levels.

You collected 65 gold pieces.

Inventory:

Hand Weapons
 m - a +0 flail (weapon)
Armour
 h - a +1 pair of gloves (worn)
 i - a +2 leather armour of magic resistance (worn)
Jewellery
 k - a ring of resist corrosion (left hand)
 o - a +4 amulet of reflection (around neck)
 v - an uncursed ring of ice
Wands
 c - a wand of flame (15/48)
 d - a wand of enslavement (15/24)
 e - a wand of random effects (12/48)
Scrolls
 b - 2 scrolls of identify {@r1}
 j - a scroll of fog {unknown}
Potions
 g - a potion of cancellation
 l - a potion of lignification
 p - a potion of beneficial mutation {unknown}
 q - a potion of haste {unknown}
 s - a potion of invisibility {unknown}
 u - a potion of agility {unknown}
Comestibles
 a - a chunk of flesh
 f - 2 bread rations
 n - a meat ration


   Skills:
 - Level 1.2 Fighting
   Level 1.1 Short Blades
 + Level 5.1 Maces & Flails
 - Level 2.1 Dodging
 - Level 0.7 Stealth
 + Level 5.1 Evocations


You had 5 spell levels left.
You didn't know any spells.

Dungeon Overview and Level Annotations

Branches:
Dungeon (3/15)

Altars:


Innate Abilities, Weirdness & Mutations

You reflexively headbutt those who attack you in melee.
You have a pair of horns on your head.


Message History

The orc priest miscasts a cantrip.
You closely miss the orc priest.
The orc priest is lightly wounded.
The orc priest hits you but does no damage.
You hit the orc priest. You headbutt the orc priest.
The orc priest is heavily wounded.
The orc priest looks encouraged for a moment.
You completely miss the orc priest.
The orc priest is heavily wounded.
The orc priest begins to cast a cantrip, but forgets the words!
You barely miss the orc priest.
The orc priest is heavily wounded.
The orc priest mumbles some strange prayers to Beogh against you.
Beogh smites you!
* * * LOW HITPOINT WARNING * * *
You hit the orc priest.
The orc priest is severely wounded.
The orc priest mumbles some strange prayers to Beogh against you.
Beogh smites you!
You die...

########.# .........
.......... #.......#
#######... #.......##
#######.## #........
.......... +........
..#####.## #......[# .$#
#.... +......o#
#.###..##
#......@########..##..##
########..........##..#.
#...........#..#.
#........†..#..+.
#............#.#.
#...!......#.#.#.
#..........#.#.#.
#................
............#...#.


You could see an orc priest.

Vanquished Creatures
  Sigmund (D:2)
  Ijyb (D:2)
  Natasha (D:2)
  4 gnolls (D:1)
  5 adders
  3 worms
  A dart slug (D:2)
  4 orcs (D:3)
  3 giant cockroaches
  5 goblins
  6 hobgoblins
  8 jackals
  7 bats
  7 frilled lizards
  4 kobolds
  8 rats
68 creatures vanquished.

Notes
Turn   | Place    | Note
-------+----------+-------------------------------------------
     0 | D:1      | Softman25 the Minotaur Artificer began the quest for the Orb.
     0 | D:1      | Reached XP level 1. HP: 16/16 MP: 1/1
   214 | D:1      | Reached XP level 2. HP: 21/23 MP: 3/3
   637 | D:2      | Reached skill level 1 in Maces & Flails
   637 | D:2      | Reached XP level 3. HP: 24/28 MP: 4/4
   935 | D:2      | Noticed Ijyb
   948 | D:2      | Killed Ijyb
   948 | D:2      | Reached XP level 4. HP: 34/35 MP: 5/5
  1616 | D:2      | Noticed Sigmund
  1623 | D:2      | Killed Sigmund
  1623 | D:2      | Reached XP level 5. HP: 40/40 MP: 7/7
  1623 | D:2      | Reached XP level 6. HP: 47/47 MP: 8/8
  1669 | D:2      | Noticed Natasha
  1676 | D:2      | Reached skill level 5 in Evocations
  1679 | D:2      | Killed Natasha
  2108 | D:2      | Reached skill level 5 in Maces & Flails
  2265 | D:3      | Killed from afar by an orc priest

Skill      XL: |  1  2  3  4  5  6 |
---------------+-------------------+-----
Evocations     | 3 4 5 |  5.1
Maces & Flails | 1 2 4 5 |  5.1
Fighting       | |  1.2
Short Blades   | |  1.1
Dodging        | |  2.1
Stealth        | |  0.7

Action                   |  1- 3 |  4- 6 || total
-------------------------+-------+-------++-------
Melee: Short sword       |    87 |    37 ||   124
       Headbutt          |    12 |    20 ||    32
       Flail             |       |    69 ||    69
Evoke: Wand              |       |     3 ||     3
  Use: Scroll            |       |     9 ||     9
       Potion            |       |     1 ||     1
 Stab: Sleeping          |     1 |     1 ||     2
  Eat: Chunk             |       |     4 ||     4
Armor: Leather armour    |    31 |    31 ||    62
Dodge: Dodged            |    67 |    59 ||   126
Block: Other             |       |     9 ||     9
